 Dungeon Crawl Stone Soup version 0.29-a0-483-g69413ace17 (webtiles) character file.

Game seed: 2208897508970671155

559095 ders the Sorcerer (level 27, -19/189 HPs)
             Began as a Djinni Conjurer on May 24, 2022.
             Was a High Priest of Ashenzari.
             Killed from afar by a yellow draconian annihilator (67 damage)
             ... with a crystal spear
             ... led by a green draconian monk
             ... on level 5 of the Realm of Zot on May 25, 2022.
             The game lasted 02:38:40 (63482 turns).

ders the Sorcerer (Djinni Conjurer)                Turns: 63482, Time: 02:38:41

Health: -19/189    AC: 34    Str: 14      XL:     27
Gold:   7106       EV:  5    Int: 32      God:    Ashenzari [*****.] SH: 20 Dex: 13 (14)

rFire   + + +      SeeInvis +     - Unarmed
rCold   + + .      Faith    .   v - +0 tower shield "Gaze Upon Infinity" {Melee, Range} (curse)
rNeg    . . .      Spirit   .   r - +10 gold dragon scales "Ruined Failure" {rPois rF+ rC+, Self, Melee} (curse)
rPois   ∞          Reflect  .   a - +0 hat "Lashed Stoicism" {rPois rC+ Str+5, Cun, Melee} (curse)
rElec   +          Harm     .   x - +2 cloak of the Thief {*Fog Slay-2 SInv Stlth+, Melee, Self} (curse)
rCorr   +          Rampage  .   X - +1 pair of gloves "Behold Eternity" {Str+3, Fort, Range} (curse)
Will    ++...      Clarity  +   (boots unavailable)
Stlth   ++........              p - amulet of the Mantic Augurer {Regen+, Evo, Self} (curse)
HPRegen 1.21/turn               U - ring "Enigmatic Anarchy" {Contam rElec rPois rF+++ Stlth+, Evo, Self} (curse)
MPRegen 0.00/turn               V - ring of Ashenzari's Portent {rC+ rCorr, Melee, Cun} (curse)

@: about to teleport, flying, studying Slings
A: sickness immunity, fire resistance 2, cold vulnerability 1, float, innate
caster, HP casting, extra vitality 1, deformed body, frail 1, screaming 1, wild
magic 1
}: 3/15 runes: barnacled, silver, gossamer
a: Renounce Religion, Curse Item, Shatter the Chains


You were on level 5 of the Realm of Zot.
You worshipped Ashenzari.
Ashenzari was extremely pleased with you.
You visited 10 branches of the dungeon, and saw 49 of its levels.
You visited the Abyss 1 time.
You also visited: Ossuary and Volcano.

You collected 8171 gold pieces.
You spent 1065 gold pieces at shops.

Inventory:

Armour
 a - the cursed +0 hat "Lashed Stoicism" (worn) {rPois rC+ Str+5, Cun, Melee}
   (You found it on level 3 of the Vaults)

   Str:       It affects your strength (+5).
   rC:        It protects you from cold.
   rPois:     It protects you from poison.
   It has a curse which improves the following skills: Cunning: Dodging and
   Stealth.
   Melee Combat: Short Blades, Long Blades, Axes, Maces & Flails, Polearms,
   Staves and Unarmed Combat.
 n - quicksilver dragon scales
 r - the cursed +10 gold dragon scales "Ruined Failure" (worn) {rPois rF+ rC+, Self, Melee}
   (You found it on level 5 of the Vaults)

   rF:        It protects you from fire.
   rC:        It protects you from cold.
   rPois:     It protects you from poison.
   It has a curse which improves the following skills: Introspection: Fighting
   and Spellcasting.
   Melee Combat: Short Blades, Long Blades, Axes, Maces & Flails, Polearms,
   Staves and Unarmed Combat.
 v - the cursed +0 tower shield "Gaze Upon Infinity" (worn) {Melee, Range}
   (You found it on level 3 of the Spider Nest)

   It has a curse which improves the following skills: Melee Combat: Short
   Blades, Long Blades, Axes, Maces & Flails, Polearms, Staves and Unarmed
   Combat.
   Ranged Combat: Slings, Bows, Crossbows and Throwing.
 x - the cursed +2 cloak of the Thief (worn) {*Fog Slay-2 SInv Stlth+, Melee, Self}
   (You acquired it on level 2 of the Lair of Beasts)

   It may release a thick cloud of smoke when the wearer is hurt.
   Slay:      It affects your accuracy & damage with ranged weapons and melee
   (-2).
   SInv:      It lets you see invisible.
   Stlth:     It makes you more stealthy.
   It has a curse which improves the following skills: Melee Combat: Short
   Blades, Long Blades, Axes, Maces & Flails, Polearms, Staves and Unarmed
   Combat.
   Introspection: Fighting and Spellcasting.
 X - the cursed +1 pair of gloves "Behold Eternity" (worn) {Str+3, Fort, Range}
   (You found it on level 12 of the Dungeon)

   It has a curse which improves the following skills: Fortitude: Armour and
   Shields.
   Ranged Combat: Slings, Bows, Crossbows and Throwing.
 Z - a +3 buckler of reflection
Magical Staves
 t - a staff of conjuration
 N - a staff of air
Jewellery
 p - the cursed amulet of the Mantic Augurer (around neck) {Regen+, Evo, Self}
   (You found it in an ossuary)

   [amulet of regeneration]

   Regen:     It increases your rate of health regeneration.
   It has a curse which improves the following skills: Evocations: Evocations.
   Introspection: Fighting and Spellcasting.
 S - the ring of Fun {Fire rPois Int+4 Dex-3 Slay+4}
   (You found it on level 2 of the Realm of Zot)

   [ring of fire]

   It enhances your fire magic.
   Int:       It affects your intelligence (+4).
   Dex:       It affects your dexterity (-3).
   Slay:      It affects your accuracy & damage with ranged weapons and melee
   (+4).
   rF:        It protects you from fire.
   rC:        It makes you vulnerable to cold.
   rPois:     It protects you from poison.
 U - the cursed ring "Enigmatic Anarchy" (left hand) {Contam rElec rPois rF+++ Stlth+, Evo, Self}
   (You took it off a deep elf death mage on level 3 of the Elven Halls)

   [ring of poison resistance]

   rF:        It renders you almost immune to fire.
   rElec:     It insulates you from electricity.
   rPois:     It protects you from poison.
   Contam:    It causes magical contamination when unequipped.
   Stlth:     It makes you more stealthy.
   It has a curse which improves the following skills: Evocations: Evocations.
   Introspection: Fighting and Spellcasting.
 V - the cursed ring of Ashenzari's Portent (right hand) {rC+ rCorr, Melee, Cun}
   (You found it on level 6 of the Lair of Beasts)

   [ring of protection from cold]

   rC:        It protects you from cold.
   rCorr:     It protects you from acid and corrosion.
   It has a curse which improves the following skills: Melee Combat: Short
   Blades, Long Blades, Axes, Maces & Flails, Polearms, Staves and Unarmed
   Combat.
   Cunning:   Dodging and Stealth.
Wands
 e - a wand of mindburst (5)
 h - a wand of polymorph (13)
 q - a wand of digging (46)
 w - a wand of acid (19)
 y - a wand of paralysis (19)
 M - a wand of iceblast (11)
 R - a wand of flame (31)
Scrolls
 b - 8 scrolls of summoning
 f - 7 scrolls of magic mapping
 g - 9 scrolls of enchant weapon
 k - 21 scrolls of vulnerability
 l - 8 scrolls of teleportation
 D - 15 scrolls of poison
 E - 7 scrolls of silence
 G - 4 scrolls of brand weapon
 L - 4 scrolls of fog
 Q - a scroll of enchant armour
 T - 13 scrolls of fear
Potions
 c - 28 potions of curing
 j - 13 potions of lignification
 m - 16 potions of might
 o - 4 potions of resistance
 s - 4 potions of mutation
 u - 9 potions of haste
 A - 4 potions of berserk rage
 B - 9 potions of invisibility
 F - 2 potions of cancellation
 K - 13 potions of brilliance
 O - 6 potions of ambrosia
 Y - a potion of heal wounds
Miscellaneous
 d - a condenser vane


   Skills:
 + Level 16.7(22.0) Fighting
 + Level 18.7(20.8) Armour
 + Level 10.4(13.9) Dodging
 + Level 15.5(18.9) Stealth
 + Level 16.7(18.9) Shields
 * Level 25.4(27) Spellcasting


You couldn't memorise any spells.
You knew the following spells:

 Your Spells              Type           Power      Damage    Failure   Level
a - Ozocubu's Refrigerat  Ice            68%        4d18      2%          7
b - Fireball              Conj/Fire      68%        3d26      1%          5
c - Dazzling Flash        Conj/Hex       100%       N/A       1%          3
d - Fulminant Prism       Conj/Hex       68%        3d28      1%          4
e - Iskenderun's Mystic   Conj/Tloc      100%       2d19      1%          4
f - Shock                 Conj/Air       100%       1d9       1%          1
g - Blink                 Tloc           100%       N/A       1%          2
h - Inner Flame           Hex/Fire       100%       N/A       1%          3
i - Flame Wave            Conj/Fire      100%       2d17      1%          4
j - Yara's Violent Unrav  Hex/Tmut       68%        3d25      1%          5
k - Searing Ray           Conj           100%       2d8       1%          2
l - Death Channel         Necr           68%        N/A       1%          6
m - Enfeeble              Hex            68%        N/A       2%          7
n - Simulacrum            Ice/Necr       68%        N/A       1%          6
o - Orb of Destruction    Conj           68%        9d16      2%          7
p - Magic Dart            Conj           100%       1d8       1%          1
q - Summon Horrible Thin  Summ           68%        N/A       14%         8
r - Death's Door          Necr           68%        N/A       88%         9
Your spell library was empty.

Dungeon Overview and Level Annotations

Branches:
Dungeon (15/15)            Temple (1/1) D:5            Lair (6/6) D:8
 Shoals (4/4) Lair:3       Spider (4/4) Lair:3        Slime (0/5) Lair:6
    Orc (2/2) D:12            Elf (3/3) Orc:2        Vaults (5/5) D:13
  Crypt (0/3) Vaults:2     Depths (4/4) D:15            Zot (5/5) Depths:4
Ossuary (visited)         Volcano (visited)

Altars:
Ashenzari
Dithmenos
Elyvilon
Fedhas
Hepliaklqana
Kikubaaqudgha
Makhleb
Nemelex Xobeh
Qazlal
Sif Muna
Trog
Uskayaw
Vehumet
Yredelemnul
Zin
Beogh

Shops:
D:3 *   D:4 (   D:10 :   Orc:2 !(?[   Elf:2 *   Elf:3 =::[   Shoals:2 ![(::
Shoals:3 ***([   Vaults:1 (   Vaults:3 :   Vaults:4 !   Depths:3 =*

Portals:
Hell: Depths:1 Depths:2 Depths:3 Depths:4
Abyss: Depths:1 Depths:3
Pandemonium: Depths:2
Ziggurat: Depths:2
Trove: Vaults:3 (show abyssal rune of Zot)

Annotations:
D:11 4 runed translucent doors
Spider:2 2 transporters, sirJeffrey23's ghost, adept HOMo
Elf:1 6 runed translucent doors
Elf:2 3 runed translucent doors
Vaults:1 exclusion: door


Innate Abilities, Weirdness & Mutations

You are immune to sickness and miasma.
You are immune to poison.
Your flesh is very heat resistant. (rF++)
You are vulnerable to cold. (rC-)
You float through the air rather than walking.
You learn spells naturally, not from books.
Your magical power is your life essence.
You have superior vitality. (+4 MHP)
Armour fits poorly on your strangely shaped body.
You are frail. (-10% HP)
You occasionally shout uncontrollably at your foes.
Your spells are a little harder to cast, but a little more powerful.


Message History

You are shoved backwards!
The yellow draconian annihilator barely misses you.
The green draconian monk breathes poison at you.
The blast of poison engulfs you but does no damage.
You resist.
The white draconian stormcaller mumbles some strange prayers to Qazlal.
The ghost moth stares at you.
The ghost moth hits you but does no damage.
You block the ghost moth's attack. x2
The wind drake fails to trigger a net trap.
The electric golem barely misses you.
You block the electric golem's attack. x2
The electric golem hits you but does no damage.
As you read the scroll of fear, it crumbles to dust.
You assume a fearsome visage.
The Orb Guardian resists with almost no effort.
The death drake looks frightened!
The wind drake looks frightened!
The electric golem is unaffected.
The rime drake looks frightened!
The Killer Klown resists with almost no effort.
The lindwurm looks frightened!
The Orb Guardian looks frightened!
The rime drake looks frightened!
The Orb Guardian is unaffected.
The storm dragon resists with some effort.
The white draconian stormcaller looks frightened!
The yellow draconian annihilator looks frightened!
The red draconian looks frightened!
The green draconian monk looks frightened!
The yellow draconian annihilator easily resists.
The purple draconian resists with almost no effort.
The moth of wrath looks frightened!
The storm dragon looks frightened!
The ghost moth resists with almost no effort.
The death drake disappears in a puff of smoke!
The lindwurm disappears in a puff of smoke!
You block the electric golem's attack.
The electric golem hits you but does no damage.
You block the electric golem's attack. x2; The storm dragon bites you.
* * * LOW HITPOINT WARNING * * *
The storm dragon claws you but does no damage.
The storm dragon tramples you but does no damage.
The yellow draconian annihilator casts a spell at you.
The crystal spear hits you!!!
You die...

***,,,,,,^,,,,,,,,,,,,**
**,,,...........,,,,,,,,** ***
*,,,,................,,,,*
,,***,,,,..........9.....,,,,*
,,,**,,,,.......^........,,,**
,,,,*,,,,......q..§......,,**
,,,,,^,,,....k§d§§qd.....,**
,,^,*,,,,...qkqq§Xqd§...^,,**
,{,**,,,,,.^.lkX@9§q§..^.,^^**
,{***,,,,,....§§pDy§{....,,,^*
*** *,,,,^...§§§§y§.§....,,,,*
**,,,,....§§X§.D.....,,,**
###▓......§§§........,,**
#####▓▓▓▓..............,**
#####▓▓▓▓▓▓▓▓▓▓▓##.....**
#######........,,,,,.....,**
#####....##.^..,,,,,.....,,**


You could see a Killer Klown, an electric golem, a green draconian monk
(fleeing, catching breath), 2 draconians, 2 storm dragons, 2 draconians, a red
draconian (fleeing), a white draconian stormcaller (fleeing), 3 Orb Guardians, 3
draconians, a ghost moth (invisible, corroded), a wind drake (summoned, repels
missiles, fleeing), a moth of wrath (fleeing), a komodo dragon (summoned,
wandering) and 2 rime drakes.

Vanquished Creatures
  An ancient lich (Zot:5)
  4 orbs of fire
  Mara (Depths:1)
  A Killer Klown (Zot:4)
  Bai Suzhen (Depths:1)
  Saint Roka (Depths:2)
  2 curse toes
  14 golden dragons
  Jory (Vaults:4)
  2 bone dragons
  the Enchantress (Depths:2)
  An electric golem (Zot:4)
  Arachne (Spider:2)
  Mlioglotl (Spider:4)
  2 liches
  14 tentacled monstrosities
  Rupert (D:15)
  Asterion (Depths:1)
  Jorgrun (Orc:1)
  10 Orb Guardians
  A quicksilver dragon (shapeshifter) (Vaults:5)
  5 deep elf blademasters (Elf:3)
  6 quicksilver dragons
  5 deep elf master archers (Elf:3)
  10 death cobs
  7 sphinxes
  6 titans
  2 krakens
  11 tengu reavers
  11 shadow dragons
  8 storm dragons
  18 fire giants
  Ilsuiw (Shoals:2)
  3 draconian monks
  13 frost giants
  15 vault wardens
  6 draconian knights
  4 iron dragons
  7 emperor scorpions
  5 spectral caustic shrikes (Depths:2)
  A juggernaut zombie (Depths:2)
  5 deep elf sorcerers (Elf:3)
  2 orc warlords
  2 ghost moths
  4 draconian shifters
  6 draconian stormcallers
  The ghost of SirDiesAlot the Impaler, a journeyman MiFi of Okawaru (Orc:2)
  Aizul (Shoals:2)
  A broodmother (Spider:4)
  2 draconian scorchers
  A deep elf elementalist (Elf:3)
  15 very ugly things
  9 draconian annihilators
  4 war gargoyles (Vaults:5)
  7 spriggan defenders
  13 ironbound preservers
  A quicksilver ooze (shapeshifter) (Depths:2)
  A vampire knight (Depths:3)
  7 ironbound thunderhulks
  12 green draconians
  13 stone giants
  12 black draconians
  7 deep elf demonologists
  Nessos (D:15)
  2 minotaurs (Shoals:4)
  4 deep elf annihilators (Elf:3)
  8 entropy weavers
  6 white draconians
  4 yellow draconians (Zot:2)
  8 purple draconians
  10 dire elephants
  The ghost of Gelos the Severer, a journeyman MiFi of Qazlal (D:12)
  11 red draconians
  6 deep elf death magi
  13 ettins
  8 merfolk impalers
  Josephine (D:12)
  16 yaktaur captains
  Snorg (Lair:3)
  8 fire dragons
  4 merfolk javelineers
  2 deep elf high priests
  A quicksilver dragon skeleton (Vaults:4)
  5 great orbs of eyes
  Fannar (Orc:1)
  6 boulder beetles
  2 rakshasas
  5 ice dragons
  6 ironbound frosthearts
  30 vault guards
  4 ogre magi
  A catoblepas (Lair:4)
  10 hydras
  5 spriggan air magi
  A merfolk avatar (Shoals:4)
  A jorogumo (Spider:2)
  16 centaur warriors
  2 radroaches
  6 hell hogs (Depths:1)
  17 dancing weapons
  14 two-headed ogres
  10 satyrs
  9 death yaks
  4 merfolk aquamancers
  4 tengu warriors
  A vampire mage (Depths:1)
  5 deep troll shamans
  13 hell knights
  3 deep troll earth magi
  2 soul eaters (Depths:1)
  15 deep elf knights
  3 spriggan berserkers
  3 orc high priests (Orc:2)
  Sonja (D:11)
  Amaemon (D:8)
  A fire crab (Lair:5)
  11 iron trolls
  A sun demon (Depths:1)
  8 skeletal warriors
  5 pharaoh ants
  18 sea snakes
  9 steelbarb worms
  A flayed ghost (Vaults:5)
  A glowing orange brain (Depths:3)
  9 orb spiders
  A golden dragon zombie (Vaults:2)
  63 deep trolls
  16 deep elf archers
  3 lindwurms (Vaults:1)
  A sphinx zombie (Depths:2)
  4 wizards
  11 orc knights
  27 deep elf pyromancers
  2 phantasmal warriors (Vaults:5)
  9 harpies
  Pikel (D:8)
  24 deep elf zephyrmancers
  15 ironbound convokers
  6 necromancers
  35 ugly things
  4 human zombies
  8 orc sorcerers
  14 wolf spiders
  17 manticores
  16 fauns
  2 salamanders
  11 cyclopes
  A fire giant zombie (Vaults:2)
  An iron dragon skeleton (Depths:2)
  A stone giant skeleton (Vaults:2)
  6 elephants (Lair:3)
  28 moths of wrath
  9 water nymphs
  5 merfolk sirens
  A naga mage (Vaults:3)
  A water nymph (shapeshifter) (Depths:4)
  17 vault sentinels
  A black mamba (shapeshifter) (Vaults:5)
  4 torpor snails
  5 black mambas
  An orange demon (D:8)
  2 gargoyles
  2 smoke demons (Depths:1)
  4 centaur skeletons (D:13)
  16 cane toads
  5 rime drakes
  An unseen horror (D:12)
  41 yaktaurs
  3 freezing wraiths
  A yaktaur (shapeshifter) (D:15)
  2 efreet
  8 demonic crawlers
  8 tengu conjurers
  A tormentor (Depths:2)
  6 komodo dragons
  3 polar bears
  6 hornets
  7 wind drakes
  4 tyrant leeches (Lair:6)
  26 merfolk
  28 tarantellas
  7 trolls
  59 slime creatures
  26 blink frogs
  A nameless horror (Depths:2)
  8 dream sheep
  8 snapping turtles
  A fire giant simulacrum (Depths:2)
  30 jumping spiders
  A shadow (D:10)
  2 air elementals
  A ynoxinul (Depths:2)
  8 wraiths
  25 culicivoras
  6 spriggans
  2 jumping spiders (shapeshifter)
  14 water elementals
  64 yaks
  A yak (shapeshifter) (Vaults:5)
  3 wyverns
  A fire elemental (Elf:1)
  3 fire bats (Lair:2)
  A steam dragon (D:9)
  2 basilisks
  A hog (shapeshifter) (D:13)
  3 neqoxecs (Depths:2)
  90 redbacks
  A redback (shapeshifter) (Vaults:5)
  Menkaure (D:4)
  2 wargs
  10 vampire mosquitoes
  An acid dragon (D:11)
  Duvessa (D:6)
  4 hell hounds (Volcano)
  15 water moccasins
  A floating eye (Depths:1)
  A human skeleton (Depths:2)
  30 orc warriors
  3 black bears
  2 ice beasts
  9 ogres
  10 wolves (Lair:4)
  A boggart (D:13)
  10 centaurs
  A lemure (D:8)
  A phantom (D:4)
  Blork the orc (D:6)
  4 kobold brigands
  2 elf zombies
  3 gnoll sergeants
  15 bullfrogs
  3 scorpions
  3 earth elementals (Elf:1)
  A cane toad simulacrum (Lair:1)
  9 wights (D:8)
  Dowan (D:6)
  25 killer bees
  2 howler monkeys (D:12)
  2 electric eels
  2 lava snakes (D:10)
  A gnoll shaman (D:8)
  A human simulacrum (Vaults:2)
  6 hounds
  4 jellies
  13 orc priests
  An iguana (D:4)
  Terence (D:2)
  Ijyb (D:4)
  Natasha (twice) (D:2)
  21 orc wizards
  3 mummies (Ossuary)
  Robin (D:3)
  33 gnolls
  10 adders
  A shadow imp (D:7)
  2 worms
  5 dart slugs
  66 orcs
  10 ball pythons
  10 endoplasms
  A giant cockroach (D:3)
  2 gnoll zombies (Ossuary)
  12 hobgoblins
  18 jackals
  10 kobolds
  4 quokkas
  5 bats
  3 frilled lizards
  23 goblins
  3 goblin zombies (Ossuary)
  An orc zombie (Ossuary)
  7 rats
  4 fulminant prisms
  6 tentacles
2098 creatures vanquished.

Vanquished Creatures (collateral kills)
  A lich (Vaults:3)
  An ironbound preserver (Vaults:2)
  An ironbound thunderhulk (Vaults:3)
  A stone giant (Shoals:2)
  A deep troll (Vaults:4)
  An ironbound convoker (Vaults:3)
  A naga mage (Vaults:3)
  An ogre (D:6)
8 creatures vanquished.

Vanquished Creatures (others)
  A frost giant (Depths:3)
  A red draconian (Zot:2)
  A yaktaur (Vaults:2)
  333 fulminant prisms
  33 fungi
  180 plants
  2 tentacles (Shoals:3)
551 creatures vanquished.

Grand Total: 2657 creatures vanquished

Notes
Turn   | Place    | Note
-------+----------+-------------------------------------------
     0 | D:1      | ders the Djinni Conjurer began the quest for the Orb.
     0 | D:1      | Reached XP level 1. HP: 15/15 MP: 0/0
    75 | D:1      | Reached XP level 2. HP: 10/21 MP: 0/0
   456 | D:1      | Reached XP level 3. HP: 11/25 MP: 0/0
   456 | D:1      | Learned a level 1 spell: Shock
   845 | D:1      | Found a faded altar of an unknown god.
   936 | D:1      | Reached skill level 4 in Spellcasting
  1533 | D:2      | Reached XP level 4. HP: 25/31 MP: 0/0
  2074 | D:2      | Reached XP level 5. HP: 23/35 MP: 0/0
  2074 | D:2      | Learned a level 2 spell: Blink
  2232 | D:2      | Reached skill level 5 in Spellcasting
  2413 | D:2      | Noticed Natasha
  2417 | D:2      | Killed Natasha
  2578 | D:2      | Noticed Terence
  2587 | D:2      | Killed Terence
  2588 | D:2      | Reached XP level 6. HP: 25/40 MP: 0/0
  2721 | D:2      | Noticed Natasha
  2727 | D:2      | Killed Natasha
  3317 | D:3      | Noticed Robin
  3322 | D:3      | Killed Robin
  4224 | D:3      | Reached skill level 6 in Spellcasting
  4861 | D:3      | Reached XP level 7. HP: 42/45 MP: 0/0
  4861 | D:3      | Learned a level 3 spell: Inner Flame
  5003 | D:3      | Found Gucu's Assorted Antiques.
  5145 | D:4      | Found Lemaneto's Antique Weapon Emporium.
  5171 | D:4      | Noticed Ijyb
  5180 | D:4      | Killed Ijyb
  6141 | D:4      | Identified the +6 broad axe "Ymoh" {vorpal, *Corrode rElec
                  | rN++ Stlth+}
  6145 | D:4      | Reached skill level 7 in Spellcasting
  6424 | D:4      | Reached XP level 8. HP: 37/50 MP: 0/0
  6527 | D:4      | Noticed Menkaure
  6538 | D:4      | Killed Menkaure
  6963 | D:4      | Reached skill level 8 in Spellcasting
  7814 | D:5      | Entered Level 5 of the Dungeon
  8168 | D:5      | Reached XP level 9. HP: 47/55 MP: 0/0
  8168 | D:5      | Learned a level 4 spell: Flame Wave
  8297 | D:5      | Reached skill level 9 in Spellcasting
  8952 | D:5      | Found a staircase to the Ecumenical Temple.
  8958 | Temple   | Entered the Ecumenical Temple
  8984 | Temple   | Became a worshipper of Ashenzari the Shackled
  9195 | D:6      | Found a sand-covered staircase.
  9201 | Ossuary  | Entered an ossuary
  9275 | Ossuary  | Reached skill level 10 in Spellcasting
  9831 | D:6      | Noticed Blork the orc
  9837 | D:6      | Killed Blork the orc
  9902 | D:6      | Noticed Duvessa
  9913 | D:6      | Killed Duvessa
  9929 | D:6      | Noticed Dowan
  9932 | D:6      | Killed Dowan
 10229 | D:6      | Identified the +5 rapier "Spiderbane" {vorpal, +Blink rF-
                  | rN++ Stlth+}
 10415 | D:6      | Reached XP level 10. HP: 48/60 MP: 0/0
 10489 | D:6      | Found a hazy altar of Hepliaklqana.
 10737 | D:6      | Upgraded the game from 0.29-a0-477-g62b78b4225 to
                  | 0.29-a0-483-g69413ace17
 11174 | D:7      | Reached skill level 11 in Spellcasting
 11726 | D:7      | Found a sparkling altar of Nemelex Xobeh.
 12172 | D:8      | Found a staircase to the Lair.
 12173 | D:8      | Noticed a komodo dragon
 12183 | D:8      | Killed a komodo dragon
 12300 | D:8      | Noticed Amaemon
 12309 | Lair:1   | Entered Level 1 of the Lair of Beasts
 12309 | Lair:1   | Found a frozen archway.
 12314 | Lair:1   | Noticed a six-headed hydra
 12322 | D:8      | Noticed an orange demon
 12396 | D:8      | Killed an orange demon
 12397 | D:8      | Reached skill level 12 in Spellcasting
 12403 | D:8      | Killed Amaemon
 12875 | D:8      | Reached XP level 11. HP: 57/65 MP: 0/0
 12875 | D:8      | Learned a level 5 spell: Yara's Violent Unravelling
 12939 | D:8      | Noticed Pikel
 12942 | D:8      | Killed Pikel
 12950 | D:8      | Reached skill level 13 in Spellcasting
 14819 | D:9      | Noticed a centaur warrior
 14841 | D:9      | Noticed a skeletal warrior
 15177 | Lair:1   | Killed a six-headed hydra
 15431 | Lair:1   | Reached skill level 14 in Spellcasting
 15825 | Lair:1   | Reached XP level 12. HP: 19/70 MP: 0/0
 16350 | Lair:1   | Reached * piety under Ashenzari
 16350 | Lair:1   | Identified a scroll of acquirement
 16731 | Lair:2   | Acquired the +2 cloak of the Thief {*Fog Slay-2 SInv
                  | Stlth+}
 16731 | Lair:2   | Found the +2 cloak of the Thief {*Fog Slay-2 SInv Stlth+}
 16894 | Lair:2   | Noticed a seven-headed hydra
 16899 | Lair:2   | Found a dark tunnel.
 16920 | Volcano  | Entered a volcano
 17142 | Volcano  | Noticed a two-headed ogre
 17149 | Volcano  | Noticed a two-headed ogre
 17152 | Volcano  | Killed a two-headed ogre
 17153 | Volcano  | Reached skill level 15 in Spellcasting
 17158 | Volcano  | Killed a two-headed ogre
 17300 | Volcano  | Noticed a two-headed ogre
 17306 | Volcano  | Killed a two-headed ogre
 17311 | Volcano  | Noticed a two-headed ogre
 17316 | Volcano  | Killed a two-headed ogre
 17396 | Lair:2   | Killed a seven-headed hydra
 18353 | Lair:3   | Reached ** piety under Ashenzari
 18365 | Lair:3   | Noticed Snorg
 18379 | Lair:3   | Killed Snorg
 18390 | Lair:3   | Reached XP level 13. HP: 73/75 MP: 0/0
 18390 | Lair:3   | Learned a level 5 spell: Fireball
 18396 | Lair:3   | Reached skill level 16 in Spellcasting
 18414 | Lair:3   | Found a hole to the Spider Nest.
 18745 | Lair:3   | Reached *** piety under Ashenzari
 18862 | Lair:3   | Reached skill level 17 in Spellcasting
 18956 | Lair:3   | Found a staircase to the Shoals.
 19303 | Lair:4   | Noticed a four-headed hydra
 19306 | Lair:4   | Killed a four-headed hydra
 19371 | Lair:4   | Noticed a catoblepas
 19376 | Lair:4   | Killed a catoblepas
 19630 | Lair:4   | Reached **** piety under Ashenzari
 19979 | Lair:5   | Noticed a boulder beetle
 19983 | Lair:5   | Killed a boulder beetle
 19989 | Lair:5   | Reached XP level 14. HP: 40/83 MP: 0/0
 20196 | Lair:5   | Reached skill level 18 in Spellcasting
 20615 | Lair:6   | Entered Level 6 of the Lair of Beasts
 21077 | Lair:6   | Reached skill level 19 in Spellcasting
 21585 | Lair:6   | Reached XP level 15. HP: 72/87 MP: 0/0
 21585 | Lair:6   | Learned a level 6 spell: Death Channel
 21615 | Lair:6   | Identified the ring "Zeotus" {rC+ rCorr}
 21684 | Lair:6   | Found a staircase to the Slime Pits.
 22323 | D:9      | Found a shadowy altar of Dithmenos.
 22486 | D:10     | Entered Level 10 of the Dungeon
 22632 | D:10     | Found Sudghisi's Book Emporium.
 23012 | D:10     | Found a burning altar of Makhleb.
 23440 | D:11     | Noticed Sonja
 23442 | D:11     | Killed Sonja
 23538 | D:11     | Found a large runed translucent door.
 23538 | D:11     | Found a large runed translucent door.
 23747 | D:11     | Found a large runed translucent door.
 23747 | D:11     | Found a large runed translucent door.
 23879 | D:11     | Identified the +9 shortbow of Amorality {vorpal, Dex+2}
 24320 | D:12     | Noticed Josephine
 24323 | D:12     | Killed Josephine
 24324 | D:12     | Reached skill level 20 in Spellcasting
 24393 | D:12     | Found a staircase to the Orcish Mines.
 24577 | Orc:1    | Entered Level 1 of the Orcish Mines
 24577 | Orc:1    | Noticed Jorgrun
 24582 | Orc:1    | Killed Jorgrun
 24630 | Orc:1    | Noticed an orc warlord
 24802 | Orc:1    | Killed an orc warlord
 24834 | Orc:1    | Noticed Fannar
 24838 | Orc:1    | Killed Fannar
 25223 | Orc:2    | Entered Level 2 of the Orcish Mines
 25227 | Orc:2    | Noticed SirDiesAlot's ghost (journeyman MiFi)
 25657 | Orc:2    | Found a staircase to the Elven Halls.
 25741 | Orc:2    | Found a runed translucent door.
 25788 | Orc:2    | Reached ***** piety under Ashenzari
 26043 | Orc:2    | Found Keng's Armour Emporium.
 26160 | Orc:2    | Reached XP level 16. HP: 26/91 MP: 0/0
 26226 | Orc:2    | Found Jiloe's Magic Scroll Emporium.
 26227 | Orc:2    | Found Vuleinuethra's Antique Weapon Shop.
 26227 | Orc:2    | Found Seit's Distillery.
 26258 | Orc:2    | Bought a potion of heal wounds for 70 gold pieces
 26729 | D:12     | Reached skill level 21 in Spellcasting
 27004 | D:12     | Noticed Gelos's ghost (journeyman MiFi)
 27007 | D:12     | Found a runed translucent gate.
 27007 | D:12     | Found a runed translucent gate.
 27008 | D:12     | Found a runed translucent gate.
 27096 | D:12     | Killed Gelos's ghost
 27621 | D:13     | Found a gate to the Vaults.
 27734 | D:13     | Noticed a sphinx
 27740 | D:13     | Killed a sphinx
 27754 | D:13     | Noticed a fire giant
 27978 | Spider:1 | Entered Level 1 of the Spider Nest
 28156 | Spider:1 | Identified the +1 scale mail of Inviolability {Fly rF+}
 28710 | Spider:1 | Reached skill level 1 in Fighting
 28710 | Spider:1 | Reached skill level 1 in Armour
 28710 | Spider:1 | Reached skill level 1 in Shields
 29052 | Spider:2 | Reached XP level 17. HP: 96/107 MP: 0/0
 29052 | Spider:2 | Learned a level 7 spell: Enfeeble
 29083 | Spider:2 | Acquired a staff of conjuration
 29117 | Spider:2 | Identified the +10 trident of the Heavens {vorpal, Fragile
                  | rN+ Str+8}
 29209 | Spider:2 | Identified Sif Muna's Handbook of Sinister Weightlessness
 29210 | Spider:2 | Found a transporter.
 29217 | Spider:2 | Noticed sirJeffrey23's ghost (adept HOMo)
 29224 | Spider:2 | Found a transporter.
 29473 | Spider:2 | Noticed Arachne
 29485 | Spider:2 | Killed Arachne
 29838 | Spider:3 | Reached skill level 22 in Spellcasting
 30409 | Spider:4 | Entered Level 4 of the Spider Nest
 30605 | Spider:4 | Reached skill level 5 in Shields
 30606 | Spider:4 | Reached skill level 5 in Armour
 30643 | Spider:4 | Reached skill level 5 in Fighting
 30768 | Spider:4 | Reached skill level 5 in Stealth
 30849 | Spider:4 | Noticed Mlioglotl
 30857 | Spider:4 | Killed Mlioglotl
 30858 | Spider:4 | Reached XP level 18. HP: 96/126 MP: 0/0
 31119 | Spider:4 | Identified the +2 hat "Kudwus" {rPois Will- rCorr Dex+8}
 31195 | Spider:4 | Got a gossamer rune of Zot
 31537 | Shoals:1 | Entered Level 1 of the Shoals
 32016 | Shoals:1 | Identified the +0 scale mail "Horphohol" {Fly Str+5}
 32540 | Shoals:2 | Found Zigoq's Book Shoppe.
 32554 | Shoals:2 | Found Femn's Book Emporium.
 32690 | Shoals:2 | Noticed Ilsuiw
 32711 | Shoals:2 | Killed Ilsuiw
 32827 | Shoals:2 | Found Rakeheno's Weapon Shop.
 32852 | Shoals:2 | Noticed Aizul
 32856 | Shoals:2 | Killed Aizul
 33063 | Shoals:2 | Found Jesibb's Distillery.
 33067 | Shoals:2 | Found Merotor's Antique Armour Shoppe.
 33114 | Shoals:2 | Reached XP level 19. HP: 124/137 MP: 0/0
 33114 | Shoals:2 | Learned a level 6 spell: Simulacrum
 33285 | Shoals:2 | Noticed a titan
 33321 | Shoals:2 | Killed a titan
 33621 | Shoals:3 | Found Enteph's Assorted Antiques.
 33755 | Shoals:3 | Found a white marble altar of Elyvilon.
 33873 | Shoals:3 | Found Viuwnaz's Visitors' Centre.
 33873 | Shoals:3 | Found Viuwnaz's Merfolk Armours.
 33878 | Shoals:3 | Found Viuwnaz's Merfolk Magic.
 33878 | Shoals:3 | Found Viuwnaz's Merfolk Weapons.
 33881 | Shoals:3 | Bought a scroll of teleportation for 300 gold pieces
 33886 | Shoals:3 | Bought a condenser vane for 520 gold pieces
 34425 | Shoals:4 | Entered Level 4 of the Shoals
 34809 | Shoals:4 | Got a barnacled rune of Zot
 35835 | D:13     | Identified the +11 short sword of Dowdy Expedience {flame,
                  | rF+}
 35898 | D:13     | Identified the +2 whip "Vaewaeh" {vorpal, *Noise rC+ Will+
                  | Str+2}
 35898 | D:13     | Identified the +5 falchion of Modesty {freeze, +Blink rN+
                  | Int-2}
 36618 | D:15     | Entered Level 15 of the Dungeon
 36618 | D:15     | Noticed Rupert
 36624 | D:15     | Reached XP level 20. HP: 117/149 MP: 0/0
 36626 | D:15     | Killed Rupert
 36800 | D:15     | Noticed Nessos
 36805 | D:15     | Killed Nessos
 36846 | D:15     | Found a staircase to the Depths.
 36895 | D:15     | Found a bloodstained altar of Trog.
 37369 | Orc:2    | Killed SirDiesAlot's ghost
 37427 | Elf:1    | Entered Level 1 of the Elven Halls
 38237 | Elf:1    | Noticed a Brimstone Fiend
 38243 | Elf:1    | Found a runed translucent gate.
 38243 | Elf:1    | Found a runed translucent gate.
 38243 | Elf:1    | Found a runed translucent gate.
 38243 | Elf:1    | Found a runed translucent gate.
 38243 | Elf:1    | Found a runed translucent gate.
 38245 | Elf:1    | Found a runed translucent gate.
 38390 | Elf:2    | Reached skill level 10 in Shields
 38429 | Elf:2    | Reached skill level 10 in Armour
 38460 | Elf:2    | Reached skill level 10 in Fighting
 38997 | Elf:2    | Found a runed translucent gate.
 38997 | Elf:2    | Found a runed translucent gate.
 38997 | Elf:2    | Found a runed translucent gate.
 39034 | Elf:2    | Found Kotoakef's General Store.
 39058 | Elf:2    | Bought a scroll of teleportation for 39 gold pieces
 39058 | Elf:2    | Bought a scroll of blinking for 97 gold pieces
 39058 | Elf:2    | Bought a scroll of teleportation for 39 gold pieces
 39316 | Elf:3    | Entered Level 3 of the Elven Halls
 39488 | Elf:3    | Found Kepp's Jewellery Shop.
 39488 | Elf:3    | Found Yjosk's Book Emporium.
 39490 | Elf:3    | Found Dunoax Yryh's Book Emporium.
 39533 | Elf:3    | Reached XP level 21. HP: 121/158 MP: 0/0
 39533 | Elf:3    | Learned a level 7 spell: Orb of Destruction
 39949 | Elf:3    | Found Packirgh's Armour Shoppe.
 40011 | Elf:3    | Identified Sif Muna's Tome of Quantum Creation
 40060 | Elf:3    | Cast into level 2 of the Abyss (a deep elf sorcerer)
 40061 | Abyss:2  | Found a corrupted altar of Lugonu.
 40063 | Abyss:2  | Found a corrupted altar of Lugonu.
 40274 | Elf:3    | Escaped the Abyss
 40279 | Elf:3    | Reached skill level 10 in Stealth
 40315 | Elf:3    | Reached skill level 23 in Spellcasting
 40357 | Elf:3    | Noticed a Brimstone Fiend
 40535 | Elf:3    | Identified the +2 acid dragon scales of Mashrepha {rCorr
                  | Int+4}
 40535 | Elf:3    | Identified the ring "Wumuthy" {Will+ Str+4 Int-4 SInv}
 40627 | Elf:3    | Identified the +2 robe of Pantheism {Int+2}
 40627 | Elf:3    | Identified the ring of Divine Intervention {Contam rElec
                  | rPois rF+++ Stlth+}
 40637 | Elf:3    | Identified the ring "Atebebyng" {rF+ Will+ rCorr}
 40710 | Elf:3    | Identified Feudiop's Almanac of Ghastly Clay
 40974 | Vaults:1 | Entered Level 1 of the Vaults
 41013 | Vaults:1 | Found Fidas's Weapon Emporium.
 42292 | Vaults:2 | Reached XP level 22. HP: 134/169 MP: 0/0
 42858 | Vaults:2 | Found a staircase to the Crypt.
 42870 | Vaults:2 | Found a basalt altar of Yredelemnul.
 43801 | Vaults:3 | Identified the +4 ring mail of Dust Devil {Harm rN+ Will-
                  | Int+2}
 43826 | Vaults:3 | Identified the +2 robe of Wariness {Int+5 Slay+3}
 43829 | Vaults:3 | Identified the +1 robe of the Gloaming {Slay+4}
 43839 | Vaults:3 | Identified the -1 hat of Foolhardiness {rElec rF++ Int+3
                  | Dex-4}
 43839 | Vaults:3 | Found the +1 robe of Vines {NoPotionHeal Regen++++}
 43840 | Vaults:3 | Identified the +0 hat of Midwinter {rPois rC+ Str+5}
 44338 | Vaults:3 | Reached XP level 23. HP: 136/170 MP: 0/0
 44338 | Vaults:3 | Learned a level 7 spell: Ozocubu's Refrigeration
 44530 | Vaults:3 | Found Leagutodurph's Book Boutique.
 44718 | Vaults:3 | Found a portal to a secret trove of treasure.
 45219 | Vaults:4 | Found Ugumilou's Distillery.
 45761 | Vaults:4 | Identified the +10 great sword "Geagisk" {vorpal, +Blink
                  | rF+ rN+ Dex-3}
 46345 | Vaults:5 | Entered Level 5 of the Vaults
 46345 | Vaults:5 | Noticed Jory
 46783 | Vaults:5 | Identified the +9 eveningstar of Distraction {elec, Contam
                  | Will+ SInv}
 46788 | Vaults:5 | Noticed a golden dragon
 46802 | Vaults:5 | Killed a golden dragon
 46886 | Vaults:5 | Noticed a caustic shrike
 46926 | Vaults:5 | Identified the ring of Amelioration {rPois rF+ Str+6 SInv}
 47026 | Vaults:5 | Reached XP level 24. HP: 175/182 MP: 0/0
 47026 | Vaults:5 | Identified the +8 falchion "Nykomu Fone" {protect, rPois
                  | rN+}
 47262 | Vaults:5 | Noticed a golden dragon
 47267 | Vaults:5 | Identified the +7 leather armour of Dishonour {rN+ Dex+3}
 47271 | Vaults:5 | Killed a golden dragon
 47614 | Vaults:5 | Identified the +9 hunting sling "Xuint" {flame, rPois
                  | Int+4}
 47789 | Vaults:5 | Identified the Catalogue of the Captivating Escort
 47789 | Vaults:5 | Identified the +11 short sword "Jellybane" {vorpal, rPois
                  | rC- rN++ Will-}
 48308 | Vaults:5 | Got a silver rune of Zot
 48418 | Vaults:4 | Killed Jory
 48705 | Depths:1 | Entered Level 1 of the Depths
 48852 | Depths:1 | Noticed Bai Suzhen
 48863 | Depths:1 | Killed Bai Suzhen
 49171 | Depths:1 | Reached skill level 24 in Spellcasting
 49268 | Depths:1 | Found a gateway to Hell.
 49394 | Depths:1 | Identified the +5 hand crossbow of Saltpetre {elec, Fragile
                  | rC+++ Str-3 Stlth+}
 49446 | Depths:1 | Noticed Asterion
 49456 | Depths:1 | Killed Asterion
 49525 | Depths:1 | Found a one-way gate to the infinite horrors of the Abyss.
 49597 | Depths:1 | Noticed Mara
 49606 | Depths:1 | Killed Mara
 49845 | Depths:1 | Reached skill level 15 in Armour
 49913 | Depths:1 | Found a broken altar of Ashenzari.
 50124 | Depths:2 | Found a one-way gateway to a ziggurat.
 50165 | Depths:2 | Found a one-way gate leading to the halls of Pandemonium.
 50166 | Depths:2 | Gained mutation: You have hidden genetic potential. [a
                  | neqoxec]
 50627 | Depths:2 | Noticed the Enchantress
 50629 | Depths:2 | Reached XP level 25. HP: 160/185 MP: 0/0
 50629 | Depths:2 | Learned a level 8 spell: Summon Horrible Things
 50631 | Depths:2 | Killed the Enchantress
 51217 | Depths:2 | Noticed Saint Roka
 51234 | Depths:2 | Killed Saint Roka
 51339 | Depths:2 | Reached skill level 5 in Dodging
 51775 | Depths:3 | Found Ziofus's Jewellery Boutique.
 52077 | Depths:3 | Found Dimudd's Changing Room.
 52517 | Depths:3 | Reached skill level 15 in Shields
 52519 | Depths:3 | Reached skill level 15 in Fighting
 53161 | Depths:4 | Entered Level 4 of the Depths
 53741 | Depths:4 | Found a gate to the Realm of Zot.
 53770 | Depths:4 | Gained mutation: You are partially covered in iridescent
                  | scales. (AC +2) [hidden potential]
 53876 | Zot:1    | Entered Level 1 of the Realm of Zot
 54798 | Zot:1    | Reached XP level 26. HP: 194/202 MP: 0/0
 54910 | Zot:1    | Acquired 339 gold pieces
 55088 | Zot:1    | Noticed a curse toe
 55105 | Zot:1    | Killed a curse toe
 56023 | Zot:2    | Noticed an orb of fire
 56027 | Zot:2    | Gained mutation: You do not regenerate when monsters are
                  | visible. [an orb of fire]
 56033 | Zot:2    | Gained mutation: Armour fits poorly on your strangely
                  | shaped body. [an orb of fire]
 56037 | Zot:2    | Killed an orb of fire
 56578 | Zot:2    | Lost mutation: You are partially covered in iridescent
                  | scales. (AC +2) [potion of mutation]
 56578 | Zot:2    | Lost mutation: You have hidden genetic potential. [potion
                  | of mutation]
 56578 | Zot:2    | Lost mutation: You do not regenerate when monsters are
                  | visible. [potion of mutation]
 56578 | Zot:2    | Gained mutation: Your spells are a little harder to cast,
                  | but a little more powerful. [potion of mutation]
 57837 | Zot:2    | Identified the ring of Fun {Fire rPois Int+4 Dex-3 Slay+4}
 57839 | Zot:2    | Identified the ring "Ecziocaa" {rN+ Str+4 Dex+6}
 58008 | Zot:2    | Found the +3 giant club "Skullcrusher" {speed, Str+7}
 58027 | Zot:2    | Identified the +1 lajatang of Wuwoog {venom, Will+}
 58257 | Zot:2    | Reached skill level 25 in Spellcasting
 58350 | Zot:2    | Reached XP level 27. HP: 187/199 MP: 0/0
 58350 | Zot:2    | Learned a level 9 spell: Death's Door
 58794 | Zot:2    | Reached skill level 15 in Stealth
 60843 | Zot:4    | Noticed a Killer Klown
 60850 | Zot:4    | Killed a Killer Klown
 61782 | Zot:4    | Noticed an orb of fire
 61786 | Zot:4    | Killed an orb of fire
 62040 | Zot:5    | Entered Level 5 of the Realm of Zot
 62252 | Zot:5    | Reached skill level 10 in Dodging
 62670 | Zot:5    | Noticed an orb of fire
 62674 | Zot:5    | Killed an orb of fire
 63046 | Zot:5    | Noticed an ancient lich
 63050 | Zot:5    | Killed an ancient lich
 63064 | Zot:5    | Noticed an orb of fire
 63155 | Zot:5    | Noticed an orb of fire
 63155 | Zot:5    | Noticed an orb of fire
 63157 | Zot:5    | Noticed an orb of fire
 63383 | Zot:5    | Noticed a Killer Klown
 63458 | Zot:5    | Noticed an ancient lich
 63461 | Zot:5    | Noticed an orb of fire
 63463 | Zot:5    | Noticed an orb of fire
 63465 | Zot:5    | Gained mutation: You are frail. (-10% HP) [an orb of fire]
 63469 | Zot:5    | Gained mutation: You occasionally shout uncontrollably at
                  | your foes. [an orb of fire]
 63470 | Zot:5    | Killed an orb of fire
 63476 | Zot:5    | Noticed a Killer Klown
 63482 | Zot:5    | Killed from afar by a yellow draconian annihilator

Illustrated notes

Levels and vault maps discovered:
D:1:      dpeg_arrival_ternary, layout_rooms, basic_ecumenical_altar
D:2:      layout_basic, minmay_misc_feat_room, uniq_natasha, uniq_terence
D:3:      layout_basic, serial_shops, nicolae_shop_crystal,
          minmay_goblin_outpost, uniq_robin
D:4:      lemuel_castle_with_subvaults [lemuel_castle_interior_carwin_3],
          layout_loops_cross, serial_shops,
          nicolae_shop_temple_entry_statues_fountains, grunt_ministairs_7,
          uniq_menkaure, uniq_ijyb
D:5:      layout_loops_cross, minmay_temple_entry_fiery, serial_bayou_ford_a
D:6:      layout_cave_pods, kennysheep_mini, enter_ossuary_2,
          serial_park_tiny_pond, uniq_duvessa, uniq_blork_the_orc
D:7:      layout_loops_ring, general_overflow_altar
D:8:      layout_loops_ring, david_lair_shrubbed, kennysheep_another_room,
          uniq_amaemon, uniq_pikel
D:9:      minmay_chambers_of_sixes, layout_basic,
          nicolae_dithmenos_through_a_glass_darkly,
          minmay_fractal_squares_gapless_5
D:10:     layout_loops_cross, bloody_makhleb, serial_shops, shop,
          kennysheep_cluttered_room
D:11:     layout_stronghold, minmay_hollow_rounded_squares, uniq_sonja
D:12:     layout_basic, david_orc_3, biasface_ghost_orc_armoury, uniq_josephine
D:13:     layout_rooms, hangedman_vaults_entry_quadrant_bands,
          minmay_checkered_concentric_circles
D:14:     layout_irregular_city, small_statue_alley_a
D:15:     hangedman_depths_entry_civil_slaughter, layout_cross, bloody_trog,
          uniq_nessos, uniq_rupert
Temple:   compressed_dpeg_circular_temple
Lair:1:   layout_cave_shapes, portal_ice_cave_entry_ice_simulacra,
          chequers_serial_rivers_micro_e, serial_bayou_shore_b
Lair:2:   layout_cave_pods, nicolae_volcano_entry_batcave
Lair:3:   layout_chaotic_city, minmay_shoals_entry_lonely_mermaid,
          spider_nest_entry_webs, chequers_serial_rivers_micro_e,
          infiniplex_staircase_pool_2, lemuel_fruit_fields, uniq_snorg
Lair:4:   layout_roguey, serial_bayou_shore_a, grunt_megastairs_3,
          lemuel_fruit_tree
Lair:5:   layout_misc_corridors
Lair:6:   minmay_lair_end_frog_pond, layout_regular_city, slime_dummy,
          grunt_megastairs_2
Shoals:1: cheibrodos_shoals_three_sisters, layout_shoals,
          nicolae_shoals_mertower
Shoals:2: cheibrodos_shoals_gigantism, layout_shoals, serial_shops,
          nicolae_shop_bloodbath_and_beyond, shop, nicolae_shop_window_shopping,
          shop_fountains, shop, uniq_aizul, uniq_ilsuiw
Shoals:3: nicolae_shoals_mermall, layout_shoals, serial_shops,
          nicolae_shop_behind_doors, lemuel_altar_in_water
Shoals:4: shoals_end_hellmonk_lost_city
Spider:1: layout_spider_delve, hangedman_spider_tarantella_strand
Spider:2: layout_spider_delve, gammafunk_ghost_arena, uniq_arachne
Spider:3: layout_cave_pods
Spider:4: grunt_spider_rune_circles, uniq_mlioglotl
Orc:1:    layout_caves, nicolae_orc_sculptors_studio, uniq_jorgrun, uniq_fannar
Orc:2:    st_orc_elflike, layout_diamond_mine, hellmonk_ghost_happy_afterlife,
          guppyfry_library_mini
Elf:1:    eino_elf_arrival_altar, layout_onion_city, orc_legates,
          grunt_megastairs_4
Elf:2:    elven_hall_of_blades_hangedman_original [nicolae_blade_bullseye],
          layout_rooms, serial_shops, shop
Elf:3:    minmay_elf_hall, layout_geoelf_octagon, serial_shops,
          nicolae_shop_stone, grunt_ministairs_13, roderic_roman_lattice,
          minmay_shop_grove
Vaults:1: v_misc_30, v_misc_8, v_misc_30, v_pattern_2,
          nicolae_vaults_little_squares_3, nicolae_vaults_alarming,
          nicolae_vaults_little_squares_6, layout_vaults_omnigrid, serial_shops,
          nicolae_lakefront_shop
Vaults:2: v_misc_16, hangedman_vaults_snaps, minmay_crypt_entry_necro_gods,
          v_misc_8, nicolae_vaults_network_barrier,
          nicolae_vaults_little_squares_6, ontoclasm_vaults_idyll,
          hangedman_vaults_river_flow, v_rooms_1, vaults_dpeg_cross,
          ontoclasm_vaults_tryst, nicolae_vaults_display_case,
          nicolae_vaults_asterisk, layout_vaults_omnibox
Vaults:3: v_misc_2, ontoclasm_vaults_twist, hangedman_vaults_capsules,
          hangedman_vaults_locks, vaults_room_fours, grunt_tower_of_power,
          nicolae_vaults_theta, nicolae_vaults_what_the_h,
          grunt_vaults_hallway_short, vaults_room_ringed_pool, v_misc_11,
          vaults_room_pools, nicolae_vaults_rhombus_6, ontoclasm_vaults_pinch,
          layout_vaults_ring, serial_shops, nicolae_shop_behind_doors,
          nicolae_trove_entry_columns
Vaults:4: hangedman_vaults_cutoff, vaults_mumra_lcd,
          nicolae_vaults_yaktaur_gun_rack, hangedman_vaults_stitches, v_misc_12,
          v_misc_2, v_rooms_2, vaults_dpeg_doors, grunt_vaults_hallway_short,
          layout_vaults_omnicross, serial_shops, shop
Vaults:5: serial_shops, uniq_boris, uniq_jory
Depths:1: layout_honeycomb, hellmouth_3, hangedman_abyss_entry_splay,
          serial_sigils_hangedman_confine, evilmike_ruin_ashenzari, uniq_mara,
          uniq_bai_suzhen, uniq_asterion
Depths:2: minmay_tri_box, layout_gridlike, enter_ziggurat_f,
          grunt_decor_mini_mirrors, rand_demon_pan_entry_1,
          pf_hell_entry_tar_river, uniq_enchantress, uniq_saint_roka
Depths:3: four-leaf_vault, layout_cave_shapes, abyss_entry, hell_entry,
          eino_curves_01, nicolae_transmutations_shop,
          infiniplex_staircase_diamond, firewood_loft, serial_bayou_shore_b,
          minmay_shop_star
Depths:4: grunt_zot_entry_hairpin, layout_honeycomb, hell_entry, nicolae_wwwww,
          serial_sigils_hangedman_writhe
Zot:1:    layout_gridville, st_stairs_5, uniq_josephina
Zot:2:    lemuel_halls_of_wrath, layout_basic, hangedman_zot_gyre,
          st_large_dragon_hoard_4
Zot:3:    layout_basic
Zot:4:    layout_cathedral_of_symmetry, lemuel_baited_zot_trap
Zot:5:    layout_gridlike

Skill      XL: |  1  2  3  4  5  6  7  8  9 10 11 12 13 14 15 16 17 18 19 20 21 22 23 24 25 26 27 |
---------------+----------------------------------------------------------------------------------+-----
Spellcasting   | 4 5 6 7 8 10 12 14 15 17 19 20 21 22 23 24 25 | 25.4
Fighting       | 1 5 7 9 10 11 12 13 14 15 16 | 16.7
Armour         | 1 5 7 9 10 11 12 13 15 16 17 18 | 18.7
Shields        | 1 5 7 9 10 11 12 13 14 15 16 | 16.7
Stealth        | 2 5 7 8 9 10 11 12 13 14 15 | 15.5
Dodging        | 4 6 8 10 | 10.4

Action                   |  1- 3 |  4- 6 |  7- 9 | 10-12 | 13-15 | 16-18 | 19-21 | 22-24 | 25-27 || total
-------------------------+-------+-------+-------+-------+-------+-------+-------+-------+-------++-------
Melee: Unarmed           |       |     5 |       |       |       |       |       |       |     3 ||     8
       Broad axe         |       |       |     2 |     2 |       |       |       |       |       ||     4
       Rapier            |       |       |       |       |       |     1 |       |       |       ||     1
       Staff             |       |       |       |       |       |     2 |     2 |       |       ||     4
 Cast: Magic Dart        |    65 |    93 |   128 |    24 |    93 |    65 |    56 |     8 |       ||   532
       Searing Ray       |       |    37 |    12 |    23 |       |       |       |       |       ||    72
       Fulminant Prism   |       |     5 |    49 |    75 |    32 |    35 |    83 |    38 |    20 ||   337
       Iskenderun's Myst |       |     6 |    42 |    82 |    84 |   123 |    93 |   165 |   224 ||   819
       Flame Wave        |       |       |       |    10 |     4 |     2 |       |     3 |       ||    19
       Fireball          |       |       |       |       |   292 |   457 |   465 |   373 |   106 ||  1693
       Yara's Violent Un |       |       |       |       |     3 |     4 |    12 |    11 |    16 ||    46
       Death Channel     |       |       |       |       |     1 |       |     1 |     2 |       ||     4
       Enfeeble          |       |       |       |       |       |     8 |    15 |    29 |    25 ||    77
       Simulacrum        |       |       |       |       |       |       |     3 |     1 |       ||     4
       Orb of Destructio |       |       |       |       |       |       |    10 |    54 |   141 ||   205
       Ozocubu's Refrige |       |       |       |       |       |       |       |   147 |   364 ||   511
Invok: Curse Item        |       |       |       |     3 |     5 |     2 |     1 |     1 |     2 ||    14
       Shatter the Chain |       |       |       |       |     2 |     1 |       |     3 |       ||     6
Evoke: Wand              |       |       |       |       |       |       |       |     1 |       ||     1
  Use: Potion            |       |     2 |    10 |     3 |     2 |     4 |     1 |     4 |     5 ||    31
       Scroll            |       |       |     8 |     8 |     1 |     8 |     7 |    23 |    14 ||    69
Armor: Robe              |     1 |     2 |     3 |     7 |       |       |       |       |       ||    13
       Skin              |       |     7 |     4 |       |       |       |       |       |       ||    11
       Steam dragon scal |       |       |       |    15 |    12 |       |       |       |       ||    27
       Troll leather arm |       |       |       |       |       |    26 |    22 |    34 |       ||    82
       Gold dragon scale |       |       |       |       |       |       |       |    34 |   244 ||   278
Dodge: Dodged            |     2 |    18 |    20 |    42 |    21 |    42 |    43 |    49 |    62 ||   299
Block: Tower shield      |       |       |       |       |       |    17 |   133 |   161 |   269 ||   580

Table legend: (Time is in decaauts)
 A = Elapsed time spent in this place.
 B = Non-inter-level travel time spent in this place.
 C = Inter-level travel time spent in this place.
 D = Time resting spent in this place.
 E = Time spent auto-exploring this place.
 F = Levels seen in this place.
 G = Mean time per level.
                   A        B        C        D        E       F      G
               +--------+--------+--------+--------+--------+-----+--------+
         Total |  63636 |  58262 |   5374 |  15911 |  30791 |  54 | 1178.4 |
       Dungeon |  20944 |  19763 |   1181 |   6484 |  11065 |  15 | 1396.3 |
        Temple |     35 |     27 |      8 |      0 |      6 |   1 |   35.0 |
          Lair |   6394 |   5885 |    509 |   1129 |   3838 |   6 | 1065.7 |
        Shoals |   3905 |   3582 |    323 |    472 |   2165 |   4 |  976.2 |
   Spider Nest |   3527 |   3079 |    448 |    350 |   1861 |   4 |  881.8 |
  Orcish Mines |   1826 |   1633 |    193 |    189 |   1110 |   2 |  913.0 |
   Elven Halls |   3270 |   2597 |    673 |    585 |   1109 |   3 | 1090.0 |
        Vaults |   7671 |   6390 |   1281 |   1270 |   3062 |   5 | 1534.2 |
        Depths |   5954 |   5660 |    294 |   1554 |   2909 |   4 | 1488.5 |
           Zot |   8813 |   8352 |    461 |   3525 |   3203 |   5 | 1762.6 |
         Abyss |    213 |    213 |      0 |      0 |      0 |   3 |   71.0 |
       Ossuary |    625 |    625 |      0 |    270 |    258 |   1 |  625.0 |
       Volcano |    453 |    453 |      0 |     83 |    205 |   1 |  453.0 |
               +--------+--------+--------+--------+--------+-----+--------+

Top non-repeatable levels by time:
   Zot:2: 2843 daAuts
     D:4: 2790 daAuts
     D:8: 2314 daAuts
     D:3: 1925 daAuts
     D:2: 1840 daAuts
Vaults:5: 1833 daAuts
     D:9: 1702 daAuts
Vaults:4: 1636 daAuts
   Zot:3: 1633 daAuts
Depths:2: 1625 daAuts
   Zot:4: 1616 daAuts
Depths:4: 1579 daAuts
   Zot:1: 1558 daAuts
Depths:3: 1457 daAuts
  Lair:1: 1440 daAuts
